 Dungeon Crawl Stone Soup version 0.31.0-11-ge490571c62 (webtiles) character file.

Game seed: 12153285341836524918

44 ChrisAssaf the Sneak (level 3, -5/25 HPs)
             Began as a Gnoll Enchanter on Feb 10, 2024.
             Was a Follower of Cheibriados.
             Slain by a ribbon worm (8 damage)
             ... on level 2 of the Dungeon.
             The game lasted 00:03:35 (1038 turns).

ChrisAssaf the Sneak (Gnoll Enchanter)              Turns: 1038, Time: 00:03:36

Health: -5/25      AC:  2    Str: 12    XL:     3   Next: 62%
Magic:  9/9        EV: 14    Int: 17    God:    Cheibriados [*.....]
Gold:   65         SH:  0    Dex: 15    Spells: 3/12 levels left

rFire   . . .        a - +1 dagger
rCold   . . .        (no shield)
rNeg    . . .        b - +0 robe
rPois   .            (no helmet)
rElec   .            (no cloak)
rCorr   .            (no gloves)
SInv    .            (no boots)
Will    .....        (no amulet)
Stlth   +++          (no ring)
HPRegen 0.24/turn    (no ring)
MPRegen 0.11/turn

%: no passive effects
@: brilliant, lethally poisoned (-5 -> -8), very slow
A: fangs 1, strong nose, distributed training
a: Renounce Religion, Bend Time


You were on level 2 of the Dungeon.
You worshipped Cheibriados.
Cheibriados was aware of your devotion.
You visited 1 branch of the dungeon, and saw 2 of its levels.

You collected 65 gold pieces.

Inventory:

Hand Weapons
 a - a +1 dagger (weapon)
Missiles
 f - 2 atropa-tipped darts (quivered)
Armour
 b - a +0 robe (worn)
Scrolls
 g - a scroll of fear
Potions
 c - 2 potions of invisibility
 d - a potion of haste {unknown}
 h - a potion of curing {unknown}


   Skills:
 + Level 0.9 Fighting
 + Level 2.6 Short Blades
 + Level 0.9 Long Blades
 + Level 0.9 Axes
 + Level 0.9 Maces & Flails
 + Level 0.9 Polearms
 + Level 0.9 Staves
 + Level 0.9 Ranged Weapons
 + Level 0.9 Throwing
 + Level 0.9 Armour
 + Level 4.5 Dodging
 + Level 6.0 Stealth
 + Level 0.9 Shields
 + Level 0.9 Unarmed Combat
 + Level 5.0 Spellcasting
 + Level 0.6 Conjurations
 + Level 5.4 Hexes
 + Level 0.6 Summonings
 + Level 0.6 Necromancy
 + Level 0.6 Translocations
 + Level 0.6 Fire Magic
 + Level 0.6 Ice Magic
 + Level 0.6 Air Magic
 + Level 0.6 Earth Magic
 + Level 0.6 Alchemy
 + Level 1.0 Invocations
 + Level 0.9 Evocations
 + Level 0.7 Shapeshifting


You had 3 spell levels left.
You knew the following spells:

 Your Spells              Type           Power      Damage    Failure   Level
a - Tukima's Dance        Hex            34%        N/A       4%          3
b - Confusing Touch       Hex            34%        N/A       4%          3
c - Dazzling Flash        Conj/Hex       42%        N/A       12%         3

Your spell library contained the following spells:

 Spells                   Type           Power      Damage    Failure   Level
 Ensorcelled Hibernation  Hex/Ice        42%        N/A       6%          2


Dungeon Overview and Level Annotations

Branches:
Dungeon (1/15)

Altars:
Cheibriados

Shops:
D:1 [


Innate Abilities, Weirdness & Mutations

You have very sharp teeth.
Your uncanny sense of smell can sniff out nearby items.
Your experience applies equally to all skills.


Message History

The adder is moderately wounded.
The adder misses you.
You hit the adder. Your bite misses the adder.
The adder is heavily wounded.
The adder completely misses you.
You barely miss the adder.
The adder is heavily wounded.
The adder misses you.
An adder comes into view.
The adder hisses angrily.
You hit the adder.
The adder is almost dead.
The adder completely misses you.
You barely miss the adder. You bite the adder.
You kill the adder!
Cheibriados thoroughly appreciates the change of pace.
The ribbon worm expels a string of sticky webbing.
The stream of webbing hits you but does no damage.
You are caught in a web!
The web tears apart.
The adder closely misses you.
You hit the adder.
The adder is moderately wounded.
The adder misses you. The adder bites you.
You are poisoned.
The adder poisons you!
You closely miss the adder. Your bite misses the adder.
The adder is moderately wounded.
You feel sick. The ribbon worm bites you.
* * * LOW HITPOINT WARNING * * *
The adder bites you.
* * * LOW HITPOINT WARNING * * *
You barely miss the adder.
The adder is moderately wounded.
The adder closely misses you. The ribbon worm closely misses you.
Unknown command.
It was a potion of brilliance.
You feel clever all of a sudden.
* * * LOW HITPOINT WARNING * * *
You feel sick. The adder barely misses you. The ribbon worm bites you!
You die...

#.# #.# #.#
#.#
####.######.
#...........
#.##.#######
# #w# #@# #
#S# #.##.##
#.#...######
#...........
###...#.....
##.##.####
#†# # #†#


You could see a ribbon worm and an adder.

Vanquished Creatures
  2 adders (D:2)
  2 dart slugs (D:1)
  A ribbon worm (D:2)
  A giant cockroach (D:1)
  3 goblins (D:1)
  3 jackals (D:2)
  4 quokkas (D:1)
  A kobold (D:1)
  4 rats (D:1)
21 creatures vanquished.

Notes
Turn   | Place    | Note
-------+----------+-------------------------------------------
     0 | D:1      | ChrisAssaf the Gnoll Enchanter began the quest for the Orb.
     0 | D:1      | Reached XP level 1. HP: 13/13 MP: 6/6
    74 | D:1      | Found Kedgh's Armour Emporium.
   130 | D:1      | Found a faded altar of an unknown god.
   139 | D:1      | Reached XP level 2. HP: 19/19 MP: 7/7
   149 | D:1      | Prayed at the altar of an unknown god.
   149 | D:1      | Became a worshipper of Cheibriados the Contemplative
   149 | D:1      | Reached * piety under Cheibriados
   903 | D:1      | You fall into a shaft and drop 1 floor!
   942 | D:2      | Reached skill level 6 in Stealth
   942 | D:2      | Reached skill level 5 in Spellcasting
   942 | D:2      | Reached XP level 3. HP: 16/25 MP: 7/9
   946 | D:2      | Learned a level 3 spell: Tukima's Dance
   950 | D:2      | Learned a level 3 spell: Confusing Touch
   954 | D:2      | Learned a level 3 spell: Dazzling Flash
  1006 | D:2      | Reached skill level 1 in Invocations
  1038 | D:2      | Slain by a ribbon worm

Illustrated notes

Levels and vault maps discovered:
D:1:      minmay_arrival_glassed_features, layout_basic, basic_ecumenical_altar,
          serial_shops, nicolae_shop_hallway_stairs
D:2:      layout_loops_ring, basic_altar, kennysheep_generic_room_12

Skill      XL: |  1  2  3 |
---------------+----------+-----
Stealth        | 6 |  6.0
Spellcasting   | 5 |  5.0
Invocations    | 1 |  1.0
Fighting       | |  0.9
Short Blades   | |  2.6
Long Blades    | |  0.9
Axes           | |  0.9
Maces & Flails | |  0.9
Polearms       | |  0.9
Staves         | |  0.9
Ranged Weapons | |  0.9
Throwing       | |  0.9
Armour         | |  0.9
Dodging        | |  4.5
Shields        | |  0.9
Unarmed Combat | |  0.9
Conjurations   | |  0.6
Hexes          | |  5.4
Summonings     | |  0.6
Necromancy     | |  0.6
Translocations | |  0.6
Fire Magic     | |  0.6
Ice Magic      | |  0.6
Air Magic      | |  0.6
Earth Magic    | |  0.6
Alchemy        | |  0.6
Evocations     | |  0.9
Shapeshifting  | |  0.7

Action                     || total
---------------------------++-------
  Melee: Dagger            ||    90
         Bite              ||    10
    Use: Scroll            ||     1
         Potion            ||     1
   Stab: Sleeping          ||     6
         Distracted        ||     1
 Armour: Robe              ||    51
  Dodge: Dodged            ||    73
